AoeStats
← b站江条

Arabia

505193745Analyzed
1v1 RM · 24d ago on Sep 8, 2026· 35m 2s· 2 players
Game mode
Random Map
Map size
Tiny (2 player)
Population
200
Speed
Normal
Resources
Standard
Victory
Conquest
Starting age
Dark Age
Ending age
Imperial Age
RankedLock teamsTeams togetherTeam positionsShared explorationLock speedFull tech treeHidden civsTurbo modeCheats
Victory
Defeat
🇨🇳 Maya · China
1338
+19
🇹🇼 Lithuanians · Taiwan
1401
-19
b站江条
0:25 Loom
8:24 Feudal Age
8:59 Double-Bit Axe
14:22 Town Watch
17:56 Fletching
22:00 Castle Age
19:54 Horse Collar
21:59 Padded Archer Armor
22:10 Crossbowman
22:47 Bodkin Arrow
23:31 Gold Mining
26:11 Pikeman
31:43 Bow Saw
34:58 Imperial Age
33:52 Scale Mail Armor
34:08 Leather Archer Armor
33:44 Treadmill Crane
34:41 Stone Mining
36:01 Conscription
TW_Boy
6:26 Loom
10:17 Feudal Age
10:52 Double-Bit Axe
19:51 Castle Age
18:05 Horse Collar
18:18 Gold Mining
23:24 Bloodlines
26:00 Husbandry
26:55 Scale Barding Armor
31:53 Chain Barding Armor
33:35 Forging
Connection lost

Rejoining the realm…

Still unreachable

The connection could not be restored.

Session expired

The server has moved on; the page needs a fresh start.